 Dungeon Crawl Stone Soup version 0.27-a0-1140-g099f9bb0e8 (webtiles) character file.

Game seed: 3434039098023635794

11344 jasper the Martial Artist (level 11, -2/99 HPs)
             Began as a Demigod Transmuter on May 9, 2021.
             Slain by Erica
             ... wielding a +2 scimitar of flaming
              (6 damage)
             ... on level 1 of the Lair of Beasts.
             The game lasted 00:56:29 (10581 turns).

jasper the Martial Artist (Demigod Transmuter)     Turns: 10581, Time: 00:56:30

Health: -2/99      AC:  5    Str: 11    XL:     11   Next: 24%
Magic:  16/18      EV: 13    Int: 27    God:
Gold:   497        SH:  0    Dex: 14    Spells: 5/15 levels left

rFire    . . .     SeeInvis .     - Unarmed
rCold    + . .     Faith    .   (no shield)
rNeg     . . .     Spirit   .   d - +1 robe {rC+}
rPois    +         Reflect  .   (helmet currently unavailable)
rElec    .         Harm     .   r - +1 cloak {rPois}
rCorr    .         Rampage  .   (no gloves)
Will     +....                  (boots currently unavailable)
Stlth    +.........             h - amulet of the acrobat
HPRegen  0.26/turn              (no ring)
MPRegen  0.16/turn              (no ring)

@: lethally poisoned (-2 -> -5), appendages, wereblooded, hasted, very quick
A: horns 2, talons 2, high mp 1, forlorn
a: End Transformation


You were on level 1 of the Lair of Beasts.
You had temporarily grown beastly horns and talons.
You visited 2 branches of the dungeon, and saw 12 of its levels.
You also visited: Bailey.

You collected 497 gold pieces.

Inventory:

Missiles
 c - 6 javelins
 i - 217 stones
 m - 3 curare-tipped darts
 u - 2 throwing nets
 y - 42 poisoned darts
 B - 3 boomerangs (quivered)
 C - 5 boomerangs of dispersal
Armour
 a - a +0 robe
 b - a +1 ring mail
 d - a +1 robe of cold resistance (worn)
 n - the +1 scale mail of Disguise {Will+ Regen+ Dex+3}
   (You found it on level 4 of the Dungeon)

   It affects your dexterity (+3).
   It increases your rate of health regeneration.
   It increases your willpower.
 r - a +1 cloak of poison resistance (worn)
 x - the +1 ring mail of Ojanuega {Str+4}
   (You found it on level 7 of the Dungeon)

   It affects your strength (+4).
Jewellery
 h - an amulet of the acrobat (around neck)
 j - a ring of ice
 z - a ring of see invisible
Wands
 t - a wand of digging (6)
Scrolls
 e - 3 scrolls of silence
 q - 4 scrolls of teleportation
 v - 4 scrolls of magic mapping
 w - 2 scrolls of enchant armour
 D - a scroll of summoning
Potions
 g - a potion of curing
 o - a potion of mutation
 s - 3 potions of attraction
 A - 2 potions of invisibility {unknown}


   Skills:
 - Level 10.0 Fighting
 - Level 3.0 Armour
 - Level 3.8 Dodging
 - Level 10.0 Unarmed Combat
 + Level 2.8 Spellcasting
 - Level 8.4 Transmutations


You had 5 spell levels left.
You knew the following spells:

 Your Spells              Type           Power      Damage    Failure   Level
a - Beastly Appendage     Tmut           98%        N/A       1%          1
b - Wereblood             Tmut           49%        N/A       1%          2
c - Spider Form           Tmut/Pois      13%        N/A       4%          3
d - Ice Form              Ice/Tmut       26%        N/A       16%         4

Your spell library contained the following spells:

 Spells                   Type           Power      Damage    Failure   Level
 Hydra Form               Tmut           24%        N/A       8%          5
 Corona                   Hex            3%         N/A       9%          1
 Shock                    Conj/Air       12%        1d3       9%          1
 Summon Small Mammal      Summ           12%        N/A       9%          1
 Call Imp                 Summ           3%         N/A       14%         2
 Slow                     Hex            3%         N/A       14%         2
 Static Discharge         Conj/Air       3%         N/A       14%         2
 Call Canine Familiar     Summ           3%         N/A       26%         3
 Inner Flame              Hex/Fire       3%         N/A       26%         3
 Portal Projectile        Hex/Tloc       6%         N/A       26%         3
 Summon Guardian Golem    Hex/Summ       3%         N/A       26%         3
 Swiftness                Air            3%         N/A       26%         3
 Airstrike                Air            1%         N/A       65%         4
 Cause Fear               Hex            1%         N/A       65%         4
 Leda's Liquefaction      Hex/Erth       1%         N/A       65%         4
 Summon Ice Beast         Ice/Summ       3%         N/A       65%         4
 Summon Lightning Spire   Summ/Air       3%         N/A       65%         4
 Lightning Bolt           Conj/Air       1%         1d12      94%         5


Dungeon Overview and Level Annotations

Branches:
Dungeon (11/15)            Temple (0/1) D:5            Lair (1/6) D:10
 Bailey (visited)
    Orc: D:9-12

Shops:
D:4 (

Annotations:
D:3 Ijyb
D:5 2 runed translucent doors
Lair:1 exclusion: oklob plant, Erica


Innate Abilities, Weirdness & Mutations

You have temporarily grown beastly horns and talons.
Your attributes grow dramatically as you level up.
You have an increased reservoir of magic. (+10% MP)
You shall have no god before yourself.


Message History

The cane toad is heavily wounded.
You feel sick. The cane toad misses you.
You take 2 damage, and have 27/99 hp.
You punch the cane toad!
The cane toad is severely wounded.
You feel sick.
You take 1 damage, and have 26/99 hp.
You punch the cane toad! Your kick misses the cane toad.
The cane toad is almost dead.
You feel sick.
The cane toad stings you but does no damage.
Erica gestures at you while chanting.
The bolt of poison hits the cane toad!
The cane toad dies!
The bolt of poison misses you.
You feel sick.
You see here a cane toad corpse.
You take 1 damage, and have 25/99 hp.
You closely miss Erica. You claw Erica.
Erica is lightly wounded.
You feel sick. Erica gestures at you while chanting.
You resist with some effort.
You take 1 damage, and have 24/99 hp.
You punch Erica! You headbutt Erica, but do no damage.
Erica is moderately wounded.
You feel sick.
You take 1 damage, and have 23/99 hp.
You barely miss Erica.
Erica is moderately wounded.
You feel sick. Erica misses you.
You take 1 damage, and have 22/99 hp.
You hit Erica but do no damage. Your headbutt misses Erica.
You punch Erica, but do no damage.
Erica is moderately wounded.
Erica screams, "You'll never get it!"
Erica hits you with a +2 scimitar of flaming!!
* * * LOW HITPOINT WARNING * * *
Erica burns you.
You die...

..@≈ #≈....... ...≈###≈.......
...≈@≈≈≈....... .
............... .# ##..# .#
#####...# .. ........# .#
........####.#..#. ...
........@@...........
###......######.#........
#...##.# #.#........
##...#.######.#........
#...................... ≈≈≈..
..#..............#........
≈≈≈..#.###.............#........
≈≈≈..#..#P.............#........
≈≈≈...........##+##....#........


You could see Erica.

Vanquished Creatures
  Fannar (Lair:1)
  A hydra (D:11)
  A black mamba (Lair:1)
  5 cane toads (Lair:1)
  An unseen horror (D:10)
  A rime drake (Lair:1)
  A komodo dragon (D:10)
  2 trolls
  5 blink frogs (Lair:1)
  A hornet (D:9)
  A shadow (D:11)
  10 yaks
  2 water moccasins
  7 orc warriors
  2 black bears
  2 sky beasts
  2 ogres
  5 centaurs
  3 kobold brigands
  8 bullfrogs
  A wyvern zombie (D:8)
  4 scorpions
  8 wights
  4 howler monkeys
  2 centaur zombies (D:8)
  2 hounds (D:6)
  4 jellies
  Crazy Yiuf (D:6)
  A gnoll shaman (D:7)
  3 orc priests
  A bullfrog skeleton (D:6)
  An iguana (D:5)
  2 orc wizards (D:9)
  A killer bee zombie (D:7)
  A howler monkey zombie (D:7)
  10 gnolls
  10 adders
  A shadow imp (D:5)
  A white imp (D:6)
  2 ufetubi
  2 adder skeletons (D:4)
  A dart slug (D:2)
  17 orcs
  6 ball pythons
  4 endoplasms
  4 giant cockroaches
  6 hobgoblins
  2 quokkas (D:5)
  4 bats
  2 frilled lizards (D:2)
  9 goblins
  16 kobolds
  2 rats (D:2)
196 creatures vanquished.

Vanquished Creatures (others)
  A cane toad (Lair:1)
  An orc (Bailey)
  6 fungi (D:10)
  7 plants (D:10)
15 creatures vanquished.

Grand Total: 211 creatures vanquished

Notes
Turn   | Place    | Note
-------+----------+-------------------------------------------
     0 | D:1      | jasper the Demigod Transmuter began the quest for the Orb.
     0 | D:1      | Reached XP level 1. HP: 15/15 MP: 5/5
    75 | D:1      | Reached skill level 1 in Fighting
   665 | D:1      | Reached XP level 2. HP: 13/23 MP: 7/7
   808 | D:1      | Learned a level 2 spell: Wereblood
   821 | D:2      | Reached XP level 3. HP: 15/29 MP: 5/8
  1496 | D:2      | Reached XP level 4. HP: 32/36 MP: 9/9
  1635 | D:2      | Learned a level 3 spell: Spider Form
  2219 | D:3      | Noticed Ijyb
  2560 | D:4      | Reached XP level 5. HP: 39/42 MP: 7/10
  2600 | D:4      | Found Goci's Antique Weapon Emporium.
  2749 | D:4      | Identified the +1 scale mail of Disguise {Will+ Regen+
                  | Dex+3}
  2858 | D:4      | Noticed a black bear
  2875 | D:4      | Killed a black bear
  3022 | D:5      | Entered Level 5 of the Dungeon
  3048 | D:5      | Noticed an ogre
  3054 | D:5      | Killed an ogre
  3055 | D:5      | Reached XP level 6. HP: 50/50 MP: 9/11
  3292 | D:5      | Found a large runed translucent door.
  3292 | D:5      | Found a large runed translucent door.
  3319 | D:5      | Reached XP level 7. HP: 43/58 MP: 12/12
  3551 | D:5      | Found a staircase to the Ecumenical Temple.
  4117 | D:6      | Reached skill level 5 in Unarmed Combat
  4415 | D:6      | Reached skill level 5 in Transmutations
  4420 | D:6      | Reached XP level 8. HP: 67/67 MP: 13/13
  4458 | D:6      | Found a runed translucent door.
  4459 | D:6      | Noticed Crazy Yiuf
  4864 | D:6      | Killed Crazy Yiuf
  4936 | D:7      | Reached skill level 5 in Fighting
  5123 | D:7      | Learned a level 4 spell: Ice Form
  5524 | D:7      | Identified the +1 ring mail of Ojanuega {Str+4}
  5897 | D:8      | Found a flagged portal.
  5907 | Bailey   | Entered a bailey
  5956 | Bailey   | Noticed an orc sorcerer
  5956 | Bailey   | Noticed a kobold demonologist
  5959 | Bailey   | Noticed a rust devil
  5959 | Bailey   | Noticed an orc knight
  5964 | Bailey   | Noticed an ice devil
  5972 | Bailey   | Noticed an ice devil
  5981 | Bailey   | Noticed a rust devil
  6240 | D:8      | Reached XP level 9. HP: 68/75 MP: 12/14
  7376 | D:9      | Paralysed by a hornet for 2 turns
  7389 | D:9      | HP: 3/79 [poisoned by a hornet]
  7771 | D:9      | Noticed a +0 spear
  7773 | D:9      | Noticed a +0 falchion
  7773 | D:9      | Noticed a +0 spear
  7773 | D:9      | Noticed a +0 short sword
  7773 | D:9      | Noticed a +0 falchion
  7791 | D:9      | Noticed a +0 short sword
  7793 | D:9      | Noticed a +0 dagger
  7794 | D:9      | Noticed a +0 dagger
  7965 | D:10     | Entered Level 10 of the Dungeon
  8091 | D:10     | Killed an unseen horror
  8092 | D:10     | Reached XP level 10. HP: 33/88 MP: 12/15
  8796 | D:10     | Found a staircase to the Lair.
  9368 | D:11     | Noticed a seven-headed hydra
  9376 | D:11     | Killed a seven-headed hydra
  9431 | D:11     | Noticed a cyclops
  9624 | Lair:1   | Entered Level 1 of the Lair of Beasts
  9774 | D:10     | Noticed a two-headed ogre
 10014 | Lair:1   | Noticed an oklob plant
 10104 | Lair:1   | Reached skill level 10 in Unarmed Combat
 10107 | Lair:1   | Noticed a black mamba
 10117 | Lair:1   | Killed a black mamba
 10134 | Lair:1   | HP: 6/139 [blink frog (12)]
 10136 | Lair:1   | Reached skill level 10 in Fighting
 10136 | Lair:1   | Reached XP level 11. HP: 7/99 MP: 17/17
 10139 | Lair:1   | HP: 3/148 [blink frog (7)]
 10286 | Lair:1   | Noticed Fannar
 10299 | Lair:1   | Killed Fannar
 10560 | Lair:1   | Noticed Erica
 10581 | Lair:1   | HP: 4/99 [Erica/+2 scimitar of flaming (18)]
 10581 | Lair:1   | Slain by Erica

Illustrated notes

Levels and vault maps discovered:
D:1:      dpeg_arrival_stonehenge_8_columns, layout_rooms
D:2:      layout_basic
D:3:      layout_basic, hellmonk_ecumenical_altar_inner_sanctum, dk_vineyard_2,
          minmay_statues_item, kennysheep_generic_room_10, uniq_ijyb
D:4:      layout_basic, serial_shops, shop, feat_on_display
D:5:      due_chaos_kobolds, layout_cave_pods, minmay_temple_entry_metal_lava
D:6:      layout_loops_cross, uniq_crazy_yiuf_cottage
D:7:      layout_loops_ring, serial_glass, glass_columns_b, glass_columns_a
D:8:      layout_loops_corners, enter_bailey_2
D:9:      layout_roguey, nicolae_uskayaw_en_pointe, kb_lookout_dungeons_type
D:10:     layout_irregular_city, grunt_lair_entry_orc_guard_hut
D:11:     minmay_skewed_foursquare, layout_gridville,
          minmay_orc_entry_temple_small, serial_shops, shop
Lair:1:   layout_gridlike, grunt_megastairs_2, infiniplex_staircase_pool_2,
          minmay_lair_oklob_chamber, uniq_erica, uniq_fannar

Skill      XL: |  1  2  3  4  5  6  7  8  9 10 11 |
---------------+----------------------------------+-----
Fighting       | 1 2 3 4 6 7 10 | 10.0
Transmutations | 2 3 4 5 6 8 |  8.4
Unarmed Combat | 3 4 5 6 8 10 | 10.0
Armour         | 3 |  3.0
Dodging        | 3 |  3.8
Spellcasting   | 2 |  2.8

Action                   |  1- 3 |  4- 6 |  7- 9 | 10-12 || total
-------------------------+-------+-------+-------+-------++-------
Melee: Unarmed           |    86 |   167 |   409 |   203 ||   865
       Kick              |    16 |    45 |    96 |    44 ||   201
       Headbutt          |     8 |    25 |    59 |    22 ||   114
       Punch             |       |     2 |    11 |    11 ||    24
Throw: Javelin           |       |       |     5 |       ||     5
       Stone             |       |       |    34 |       ||    34
       Dart              |       |       |    11 |    21 ||    32
       Boomerang         |       |       |       |    13 ||    13
       Throwing net      |       |       |       |     2 ||     2
 Cast: Beastly Appendage |    15 |    25 |    27 |    10 ||    77
       Wereblood         |     1 |     4 |    10 |     5 ||    20
       Spider Form       |       |       |     2 |     2 ||     4
       Ice Form          |       |       |       |     1 ||     1
Evoke: Wand              |       |    12 |    14 |     7 ||    33
  Use: Scroll            |       |     4 |    11 |     4 ||    19
       Potion            |       |       |     2 |     8 ||    10
 Stab: Paralysed         |       |    33 |       |       ||    33
       Held in net/web   |       |       |       |     2 ||     2
Armor: Ring mail         |    29 |    24 |       |       ||    53
       Scale mail        |       |    24 |   139 |    39 ||   202
       Skin              |       |       |     1 |    12 ||    13
       Robe              |       |       |       |     1 ||     1
Dodge: Dodged            |    53 |    78 |   191 |    89 ||   411

Table legend: (Time is in decaauts)
 A = Elapsed time spent in this place.
 B = Non-inter-level travel time spent in this place.
 C = Inter-level travel time spent in this place.
 D = Time resting spent in this place.
 E = Time spent auto-exploring this place.
 F = Levels seen in this place.
 G = Mean time per level.
                   A        B        C        D        E       F      G
               +--------+--------+--------+--------+--------+-----+--------+
         Total |  10497 |  10081 |    416 |   1779 |   6416 |  13 |  807.5 |
       Dungeon |   9597 |   9181 |    416 |   1463 |   6036 |  11 |  872.5 |
          Lair |    818 |    818 |      0 |    316 |    355 |   1 |  818.0 |
        Bailey |     82 |     82 |      0 |      0 |     24 |   1 |   82.0 |
               +--------+--------+--------+--------+--------+-----+--------+

Top non-repeatable levels by time:
    D:10: 1376 daAuts
     D:1: 1273 daAuts
     D:9: 1087 daAuts
     D:7: 955 daAuts
     D:5: 947 daAuts
     D:6: 918 daAuts
     D:8: 891 daAuts
     D:2: 880 daAuts
  Lair:1: 818 daAuts
     D:4: 788 daAuts
    D:11: 407 daAuts
  Bailey: 82 daAuts
     D:3: 71 daAuts
